 Dungeon Crawl Stone Soup version 0.31-a0-1522-g43313d8 (webtiles) character file.

Game seed: 2740826487380992260

51 blake the Chopper (level 3, -1/33 HPs)
             Began as a Hill Orc Monk on Dec 30, 2023.
             Was a Follower of Qazlal.
             Slain by an orc priest
             ... wielding a +0 club
              (2 damage)
             ... on level 3 of the Dungeon.
             The game lasted 00:03:44 (1530 turns).

blake the Chopper (Hill Orc Monk)                   Turns: 1530, Time: 00:03:44

Health: -1/33      AC: 11    Str: 15    XL:     3   Next: 81%
Magic:  0/3        EV:  3    Int: 10    God:    Qazlal [*.....]
Gold:   80         SH: 10    Dex: 13    Spells: 2/2 levels left

rFire   . . .        a - +0 hand axe
rCold   . . .        p - +0 kite shield
rNeg    . . .        g - +0 plate armour
rPois   .            (no helmet)
rElec   .            (no cloak)
rCorr   .            i - +0 pair of gloves
SInv    .            (no boots)
Will    .....        (no amulet) Stlth
                     (no ring)
HPRegen 0.25/turn    (no ring)
MPRegen 0.08/turn

%: no passive effects
@: no status effects
A: no striking features
a: Renounce Religion, Convert to Beogh


You were on level 3 of the Dungeon.
You worshipped Qazlal.
Qazlal was aware of your devotion.
You visited 1 branch of the dungeon, and saw 3 of its levels.

You collected 80 gold pieces.

Inventory:

Hand Weapons
 a - a +0 hand axe (weapon)
Armour
 b - a +0 robe
 d - an orb of light
 g - a +0 plate armour (worn)
 i - a +0 pair of gloves (worn)
 p - a +0 kite shield (worn)
Scrolls
 f - a scroll of poison {unknown}
 j - 2 scrolls of amnesia {unknown}
 m - a scroll of fear {unknown}
 n - 5 scrolls of enchant weapon {unknown}
 o - 5 scrolls of identify {unknown}
 q - a scroll of teleportation {unknown}
 r - a scroll of vulnerability {unknown}
Potions
 c - a potion of ambrosia
 e - a potion of resistance {unknown}
 h - a potion of enlightenment {unknown}
 k - a potion of degeneration {unknown}
 l - a potion of cancellation {unknown}


   Skills:
 + Level 4.1 Fighting
 + Level 4.5 Axes
 + Level 1.3 Armour
 - Level 2.7 Dodging
 * Level 1.4 Shields


You had 2 spell levels left.
You didn't know any spells.
Your spell library was empty.

Dungeon Overview and Level Annotations

Branches:
Dungeon (3/15)

Altars:
Qazlal


Message History

You hit the dart slug.
You kill the dart slug!
Qazlal accepts your kill.
The orc priest hits you but does no damage.
The orc priest calls down the wrath of Beogh upon you.
Pain shoots through your body!
You barely miss the orc priest.
The orc priest shouts, "Beogh is our master!
Accept the truth or die!"
The orc priest is heavily wounded.
You block the orc priest's attack.
You hit the orc priest but do no damage.
The orc priest is heavily wounded.
The orc priest threatens, "By the altar or by the axe, you will meet Beogh!"
You block the orc priest's attack.
You hit the orc priest.
The orc priest is severely wounded.
The orc priest threatens, "By the altar or by the axe, you will meet Beogh!"
You block the orc priest's attack.
You closely miss the orc priest.
The orc priest is severely wounded.
You block the orc priest's attack.
The orc priest calls down the wrath of Beogh upon you.
Beogh smites you!
* * * LOW HITPOINT WARNING * * *
You hit the orc priest but do no damage.
The orc priest is heavily wounded.
The orc priest shouts, "Join the one true god or die!"
The orc priest mumbles some strange prayers to Beogh against you.
Pain shoots through your body!
* * * LOW HITPOINT WARNING * * *
Okay, then.
Aiming: Upheaval
Press: ? - help, Dir - move target The ground shakes violently, spewing rubble!
You can no longer call upon nature to destroy your foes.
The orc priest hits you with a +0 club.
* * * LOW HITPOINT WARNING * * *
The orc priest attacks as it pursues you!
The orc priest hits you with a +0 club.
You die...

#########
##....†..#######
#....).o○......#
#..#####@#####.
#......#
#.##.#.# # #.#.#
..# # ###


You could see an orc priest.

Vanquished Creatures
  2 adders (D:2)
  A dart slug (D:3)
  A ribbon worm (D:2)
  4 orcs
  3 ball pythons (D:1)
  5 endoplasms
  2 goblins (D:1)
  A hobgoblin (D:1)
  A quokka (D:1)
  2 frilled lizards (D:1)
  A kobold (D:1)
23 creatures vanquished.

Notes
Turn   | Place    | Note
-------+----------+-------------------------------------------
     0 | D:1      | blake the Hill Orc Monk began the quest for the Orb.
     0 | D:1      | Reached XP level 1. HP: 19/19 MP: 1/1
   265 | D:1      | Reached XP level 2. HP: 24/27 MP: 2/2
   824 | D:2      | Reached skill level 1 in Armour
   824 | D:2      | Reached XP level 3. HP: 25/33 MP: 3/3
   830 | D:2      | Reached skill level 1 in Shields
  1081 | D:2      | Found a stormy altar of Qazlal.
  1087 | D:2      | Became a worshipper of Qazlal Stormbringer
  1087 | D:2      | Reached * piety under Qazlal
  1087 | D:2      | Reached ** piety under Qazlal
  1529 | D:3      | HP: 1/33 [orc priest/+0 club (1)]
  1530 | D:3      | Slain by an orc priest

Illustrated notes

Levels and vault maps discovered:
D:1:      dpeg_arrival_line_fractal, layout_loops_cross, st_stairs_4
D:2:      layout_basic, basic_altar
D:3:      cheibrodos_greedy_goblins, layout_loops_ring,
          mainiacjoe_overflow_cross_hatched, uniq_crazy_yiuf_cottage

Skill      XL: |  1  2  3 |
---------------+----------+-----
Fighting       | 4 |  4.1
Armour         | 1 |  1.3
Shields        | 1 |  1.4
Axes           | |  4.5
Dodging        | |  2.7

Action                     || total
---------------------------++-------
  Melee: Hand axe          ||    88
 Invoke: Upheaval          ||     1
 Armour: Plate armour      ||    68
  Dodge: Dodged            ||     3
  Block: Kite shield       ||    27

Table legend: (Time is in decaauts)
 A = Elapsed time spent in this place.
 B = Non-inter-level travel time spent in this place.
 C = Inter-level travel time spent in this place.
 D = Time resting spent in this place.
 E = Time spent auto-exploring this place.
 F = Levels seen in this place.
 G = Mean time per level.
                   A        B        C        D        E       F      G
               +--------+--------+--------+--------+--------+-----+--------+
         Total |   1550 |   1478 |     72 |     74 |   1182 |   3 |  516.7 |
       Dungeon |   1550 |   1478 |     72 |     74 |   1182 |   3 |  516.7 |
               +--------+--------+--------+--------+--------+-----+--------+

Top non-repeatable levels by time:
     D:2: 786 daAuts
     D:1: 730 daAuts
     D:3: 33 daAuts
